 Dungeon Crawl Stone Soup version 0.23.2-1-ga50397a6bc (webtiles) character file.

Game seed: 4156302590659939251

41778 OMOHnopBeT the Protected (level 13, 0/125 HPs)
             Began as a Minotaur Fighter on May 3, 2019.
             Was a High Priest of Okawaru.
             Slain by a 15-headed hydra (10 damage)
             ... on level 6 of the Lair of Beasts.
             The game lasted 00:58:08 (12346 turns).

OMOHnopBeT the Protected (Minotaur Fighter)        Turns: 12346, Time: 00:58:09

Health: 0/125      AC: 23    Str: 30    XL:     13   Next: 81%
Magic:  18/18      EV: 10    Int:  5    God:    Okawaru [*****.]
Gold:   809        SH: 14    Dex: 11    Spells: 18/19 levels left

rFire    + . .     SeeInvis .   D - +3 scimitar of Bloodstone {protect, *Contam rF+ rN+}
rCold    . . .     Gourm    .   c - +1 shield
rNeg     + . .     Faith    .   B - +0 plate armour
rPois    .         Spirit   .   a - +2 hat
rElec    .         Reflect  .   (no cloak)
rCorr    .         Harm     .   o - +0 pair of gloves
MR       +....                  G - +2 pair of boots {run}
Stlth    ..........             y - amulet of regeneration
HPRegen  0.70/turn              C - ring of protection from magic
MPRegen  0.16/turn              E - +5 ring of strength

@: about to teleport, quick
A: retaliatory headbutt, horns 2
a: Heroism, Finesse, Renounce Religion


You were on level 6 of the Lair of Beasts.
You worshipped Okawaru.
Okawaru was extremely pleased with you.
You were not hungry.

You visited 3 branches of the dungeon, and saw 16 of its levels.

You collected 809 gold pieces.

Inventory:

Hand Weapons
 D - the +3 scimitar of Bloodstone (weapon) {protect, *Contam rF+ rN+}
   (You acquired it on level 5 of the Lair of Beasts)

   It protects the one who uses it against injury (+AC on strike).
   It protects you from fire.
   It protects you from negative energy.
   It causes magical contamination when unequipped.
 I - a +4 scimitar of holy wrath
Missiles
 A - 8 exploding tomahawks (quivered)
Armour
 a - a +2 hat (worn)
 c - a +1 shield (worn)
 o - a +0 pair of gloves (worn)
 B - a +0 plate armour (worn)
 G - a +2 pair of boots of running (worn)
Jewellery
 i - an uncursed ring of see invisible
 s - an uncursed ring of protection from fire
 y - an amulet of regeneration (around neck)
 C - a ring of protection from magic (left hand)
 E - a +5 ring of strength (right hand)
Wands
 l - a wand of iceblast (14)
 u - a wand of digging (3)
 z - a wand of flame (15)
Scrolls
 g - 4 scrolls of amnesia
 k - 3 scrolls of magic mapping
 m - a scroll of blinking
 n - 6 scrolls of remove curse
 p - 2 scrolls of enchant armour
 q - a scroll of noise {unknown}
 F - a scroll of enchant weapon {unknown}
Potions
 b - 2 potions of brilliance
 d - 4 potions of might
 h - 3 potions of cancellation
 j - a potion of heal wounds
 r - 2 potions of agility
 t - 2 potions of haste {unknown}
 v - a potion of resistance
 w - a potion of curing {unknown}
 x - 2 potions of mutation
Comestibles
 f - 29 rations
 J - 29 chunks of flesh


   Skills:
 + Level 14.5 Fighting
 - Level 11.0 Long Blades
 + Level 14.5 Armour
 + Level 5.8 Dodging
 - Level 10.0 Shields
 + Level 3.6 Spellcasting
 + Level 3.6 Hexes
 - Level 8.0 Invocations


You had 18 spell levels left.
You knew the following spells:

 Your Spells              Type           Power        Failure   Level  Hunger
a - Confusing Touch       Hex            #.....       65%         1    ##.....

Your spell library contained the following spells:

 Spells                   Type           Power        Failure   Level  Hunger
 Corona                   Hex            #......      65%         1    ##.....
 Confuse                  Hex            #.......     95%         3    ####...
 Tukima's Dance           Hex            #.......     95%         3    ####...
 Ensorcelled Hibernation  Hex/Ice        #.....       96%         2    ###....
 Animate Skeleton         Necr           N/A          99%         1    ##.....
 Apportation              Tloc           #.....       99%         1    ##.....
 Magic Dart               Conj           #...         99%         1    ##.....
 Summon Butterflies       Summ           #.......     99%         1    ##.....
 Summon Small Mammal      Summ           #...         99%         1    ##.....
 Searing Ray              Conj           #.....       99%         2    ###....
 Dazzling Spray           Conj/Hex       #.....       99%         3    ####...
 Lesser Beckoning         Tloc           #.........   100%        3    ####...
 Force Lance              Conj/Tloc      #.......     100%        4    #####..
 Fulminant Prism          Conj/Hex       #.........   100%        4    #####..
 Iskenderun's Mystic Bla  Conj           #.......     100%        4    #####..
 Alistair's Intoxication  Tmut/Pois      #.......     100%        5    ######.
 Invisibility             Hex            #.......     100%        6    #######


Dungeon Overview and Level Annotations

Branches:
Dungeon (10/15)            Temple (1/1) D:5            Lair (6/6) D:10
 Spider (0/4) Lair:4        Slime (0/5) Lair:5
  Swamp: Lair:2-4    Shoals: Lair:2-4       Orc: D:9-12

Altars:
Ashenzari
Cheibriados
Dithmenos
Elyvilon
Fedhas
Gozag
Hepliaklqana
Kikubaaqudgha
Makhleb
Nemelex Xobeh
Okawaru
Qazlal
Ru
Sif Muna
Trog
Uskayaw
Vehumet
Wu Jian
Xom
Yredelemnul
Zin
The Shining One
Jiyva

Shops:
D:4 (

Annotations:
D:2 1 exclusion
D:4 2 transporters
Lair:1 3 runed translucent doors, BorisKarlOrff's ghost, journeyman MiCK


Innate Abilities, Weirdness & Mutations

You reflexively headbutt those who attack you in melee.
You have a pair of horns on your head.


Message History

* * * LOW HITPOINT WARNING * * *
The 15-headed hydra barely misses you.
The 15-headed hydra bites you but does no damage. x2
You block the 15-headed hydra's attack.
The 15-headed hydra bites you but does no damage.
You block the 15-headed hydra's attack.
The 15-headed hydra bites you but does no damage.
The 15-headed hydra bites you.
* * * LOW HITPOINT WARNING * * *
The 15-headed hydra bites you but does no damage. x4
As you read the scroll of teleportation, it crumbles to dust.
You feel strangely unstable.
The 15-headed hydra bites you but does no damage.
The 15-headed hydra misses you. You block the 15-headed hydra's attack.
The 15-headed hydra bites you.
* * * LOW HITPOINT WARNING * * *
The 15-headed hydra misses you. The 15-headed hydra bites you!
* * * LOW HITPOINT WARNING * * *
The 15-headed hydra closely misses you. The 15-headed hydra bites you!
You die...

...........PP#....PP...P#..##....
#..........####........######....
.......#.#..............#.# ##...
......##.#................##.#...
......#.###......................
.......####...........÷...#.#....
.........###.........#...........
.................#...P...###.....
....P..........#@k.#......##.P...
......†....#....#D........#.#....
..##......##.).....#........#....
.###......###P........##.........
...#...P.#####.......#.###.......
#.........#.P#.....Y.## ##......
#........PP....#...P.## ###<.##
#...............#.....# ##.#.P#
##............#.......####.#..P#.


You could see a 15-headed hydra, an elephant and a rime drake.

Vanquished Creatures
  6 hydras
  A catoblepas (Lair:6)
  A two-headed ogre (D:8)
  A sea snake (Lair:6)
  A harpy (Lair:6)
  An ugly thing (D:9)
  A wolf spider (Lair:4)
  3 black mambas
  8 elephants
  Joseph (D:10)
  Psyche (D:10)
  9 spiny frogs
  5 rime drakes
  8 komodo dragons
  A troll (D:9)
  2 polar bears (Lair:6)
  5 blink frogs (Lair:6)
  A hornet (Lair:6)
  Grinder (D:4)
  3 hippogriffs
  14 dream sheep
  4 redbacks (Lair:4)
  Sigmund (D:2)
  4 wyverns
  2 basilisks
  63 yaks
  Grum (D:8)
  A hungry ghost (D:9)
  A soldier ant (D:10)
  7 water moccasins
  4 porcupines
  Duvessa (D:4)
  5 sky beasts
  An ice beast (D:8)
  3 orc warriors
  A black bear (D:7)
  3 wolves (D:8)
  8 ogres
  4 phantoms
  2 centaurs
  11 crocodiles
  A big kobold (D:9)
  10 bullfrogs
  A gnoll sergeant (D:6)
  Dowan (D:4)
  3 scorpions
  A wyvern skeleton (D:10)
  5 wights (D:9)
  2 howler monkeys (D:6)
  5 electric eels
  6 crimson imps
  A bullfrog zombie (D:10)
  6 hounds
  2 bullfrog skeletons
  3 orc priests
  4 centaur skeletons
  Jessica (D:2)
  Natasha (D:3)
  4 iguanas
  13 orc wizards
  9 worker ants
  A hound zombie (D:6)
  2 worker ant zombies
  10 gnolls
  8 adders
  3 shadow imps
  An adder skeleton (D:5)
  4 worms
  3 dart slugs
  3 leopard geckos
  70 orcs
  8 giant cockroaches
  3 goblins
  7 hobgoblins
  6 jackals
  6 quokkas
  A ball python (D:2)
  10 bats
  2 frilled lizards (D:3)
  5 kobolds
  A leopard gecko skeleton (D:6)
  A quokka skeleton (D:7)
  7 rats
442 creatures vanquished.

Vanquished Creatures (others)
  A leopard gecko (D:7)
  A leopard gecko zombie (D:7)
  7 fungi (Lair:6)
  7 plants
16 creatures vanquished.

Grand Total: 458 creatures vanquished

Notes
Turn   | Place    | Note
-------+----------+-------------------------------------------
     0 | D:1      | OMOHnopBeT the Minotaur Fighter began the quest for the
                  | Orb.
     0 | D:1      | Reached XP level 1. HP: 19/19 MP: 0/0
   256 | D:1      | Reached XP level 2. HP: 18/27 MP: 1/1
   878 | D:2      | Reached XP level 3. HP: 33/33 MP: 2/2
  1016 | D:2      | Reached XP level 4. HP: 35/40 MP: 3/3
  1144 | D:2      | Noticed Sigmund
  1154 | D:2      | Killed Sigmund
  1154 | D:2      | Reached skill level 5 in Long Blades
  1154 | D:2      | Reached XP level 5. HP: 41/47 MP: 4/4
  1289 | D:2      | Noticed Jessica
  1298 | D:2      | Killed Jessica
  1298 | D:2      | Reached XP level 6. HP: 45/55 MP: 5/5
  1392 | D:3      | Reached skill level 5 in Fighting
  1465 | D:3      | Reached skill level 5 in Armour
  1465 | D:3      | Reached skill level 5 in Shields
  1731 | D:3      | Noticed Natasha
  1736 | D:3      | Killed Natasha
  2014 | D:4      | Found a shadowy altar of Dithmenos.
  2014 | D:4      | Found a hide-covered altar of Uskayaw.
  2014 | D:4      | Found a bloodstained altar of Trog.
  2014 | D:4      | Found a basalt altar of Yredelemnul.
  2019 | D:4      | Found an opulent altar of Gozag.
  2285 | D:4      | Noticed Grinder
  2361 | D:4      | Killed Grinder
  2361 | D:4      | Reached XP level 7. HP: 16/61 MP: 6/6
  2425 | D:4      | Found a transporter.
  2444 | D:4      | Found a transporter.
  2586 | D:4      | Noticed Dowan
  2589 | D:4      | Noticed Duvessa
  2610 | D:4      | Killed Duvessa
  2615 | D:4      | Killed Dowan
  2865 | D:4      | Found Etzuhiov's Weapon Emporium.
  2930 | D:5      | Entered Level 5 of the Dungeon
  2976 | D:5      | Reached XP level 8. HP: 61/70 MP: 7/7
  3075 | D:5      | Found a staircase to the Ecumenical Temple.
  3129 | Temple   | Entered the Ecumenical Temple
  3371 | D:5      | Found a burning altar of Makhleb.
  3822 | D:5      | Found an ancient bone altar of Kikubaaqudgha.
  3822 | D:5      | Found a shattered altar of Ashenzari.
  4279 | D:6      | Reached XP level 9. HP: 68/79 MP: 8/8
  4827 | D:7      | Reached skill level 10 in Long Blades
  5288 | D:7      | Noticed an angel
  5289 | D:7      | Found a glowing silver altar of Zin.
  5290 | D:7      | Found a shimmering altar of Xom.
  5960 | D:7      | Found an iron altar of Okawaru.
  5965 | D:7      | Became a worshipper of Warmaster Okawaru
  6745 | D:8      | Reached * piety under Okawaru
  6764 | D:8      | Reached XP level 10. HP: 71/90 MP: 9/9
  6849 | D:8      | Noticed Grum
  6874 | D:8      | Reached skill level 1 in Invocations
  6884 | D:8      | Killed Grum
  7080 | D:8      | Noticed a two-headed ogre
  7118 | D:8      | Killed a two-headed ogre
  7118 | D:8      | Reached ** piety under Okawaru
  7446 | D:9      | Reached *** piety under Okawaru
  7446 | D:9      | Reached skill level 10 in Fighting
  7449 | D:9      | Reached skill level 10 in Armour
  7449 | D:9      | Reached skill level 10 in Shields
  7584 | D:9      | Reached XP level 11. HP: 82/100 MP: 13/13
  7947 | D:9      | Noticed a purple ugly thing
  7963 | D:9      | Killed a purple ugly thing
  7990 | D:10     | Entered Level 10 of the Dungeon
  8051 | D:10     | Reached **** piety under Okawaru
  8057 | D:10     | Found a staircase to the Lair.
  8058 | D:10     | Noticed Psyche
  8063 | D:10     | Killed Psyche
  8127 | D:10     | Found the cursed necklace of Bloodlust {*Rage +Rage MR++
                  | Int-3 Slay+6 *Curse}
  8198 | D:10     | Reached skill level 5 in Invocations
  8222 | D:10     | Noticed a six-headed hydra
  8222 | D:10     | Noticed Joseph
  8256 | D:10     | Killed a six-headed hydra
  8256 | D:10     | Received a gift from Okawaru
  8279 | D:10     | Killed Joseph
  8364 | D:10     | Reached ***** piety under Okawaru
  8399 | D:10     | Received a gift from Okawaru
  8504 | D:10     | Found a snail-covered altar of Cheibriados.
  8646 | D:10     | Found a bloodstained altar of Trog.
  8828 | Lair:1   | Entered Level 1 of the Lair of Beasts
  8836 | Lair:1   | Found a runed translucent gate.
  8836 | Lair:1   | Noticed BorisKarlOrff's ghost (journeyman MiCK)
  8837 | Lair:1   | Found a runed translucent gate.
  8837 | Lair:1   | Found a runed translucent gate.
  8838 | Lair:1   | Found a viscous altar of Jiyva.
  8959 | Lair:1   | Received a gift from Okawaru
  9037 | Lair:1   | Reached XP level 12. HP: 98/112 MP: 16/16
  9131 | Lair:1   | Received a gift from Okawaru
  9414 | Lair:1   | Noticed a seven-headed hydra
  9428 | Lair:1   | Killed a seven-headed hydra
  9702 | Lair:2   | You fall through a shaft for 2 floors!
  9720 | Lair:4   | Received a gift from Okawaru
  9960 | Lair:4   | Found a hole to the Spider Nest.
 10037 | Lair:4   | Learned a level 1 spell: Confusing Touch
 10326 | Lair:4   | Reached skill level 1 in Dodging
 10463 | Lair:5   | Reached skill level 1 in Spellcasting
 10463 | Lair:5   | Reached skill level 1 in Hexes
 10483 | Lair:5   | Identified 2 scrolls of acquirement
 10490 | Lair:5   | Got a faintly glowing scimitar
 10493 | Lair:5   | Identified the +3 scimitar of Bloodstone {protect, *Contam
                  | rF+ rN+} (You acquired it on level 5 of the Lair of Beasts)
 10521 | Lair:5   | Received a gift from Okawaru
 10527 | Lair:5   | Noticed a five-headed hydra
 10539 | Lair:5   | Killed a ten-headed hydra
 10612 | Lair:5   | Found a staircase to the Slime Pits.
 10625 | Lair:5   | Reached XP level 13. HP: 117/123 MP: 10/18
 11270 | Lair:5   | Identified a +2 pair of boots of running (Okawaru gifted it
                  | to you on level 5 of the Lair of Beasts)
 11404 | Lair:6   | Entered Level 6 of the Lair of Beasts
 11540 | Lair:6   | Paralysed by a hornet for 3 turns
 11960 | Lair:6   | Reached skill level 5 in Dodging
 12257 | Lair:6   | Received a gift from Okawaru
 12346 | Lair:6   | Slain by a 15-headed hydra

Skill      XL: |  1  2  3  4  5  6  7  8  9 10 11 12 13 |
---------------+----------------------------------------+-----
Long Blades    | 3 5 6 7 9 11 | 11.0
Fighting       | 4 5 6 7 8 10 12 13 14 | 14.5
Armour         | 4 5 6 7 8 10 12 13 14 | 14.5
Shields        | 4 5 6 7 8 10 | 10.0
Invocations    | 4 7 8 |  8.0
Dodging        | 3 5 |  5.8
Spellcasting   | 1 3 |  3.6
Hexes          | 1 3 |  3.6

Action                   |  1- 3 |  4- 6 |  7- 9 | 10-12 | 13-15 || total
-------------------------+-------+-------+-------+-------+-------++-------
Melee: Long sword        |    72 |    62 |       |       |       ||   134
       Headbutt          |    13 |    37 |   141 |   332 |    85 ||   608
       Dagger            |       |    89 |   579 |   813 |       ||  1481
       Scimitar          |       |       |       |   142 |   291 ||   433
Throw: Javelin           |       |     3 |    20 |    17 |       ||    40
Invok: Heroism           |       |       |       |    27 |    11 ||    38
       Finesse           |       |       |       |     5 |     3 ||     8
  Use: Scroll            |     3 |     6 |     3 |     5 |     6 ||    23
       Potion            |       |       |       |     1 |       ||     1
 Stab: Distracted        |       |       |     1 |       |       ||     1
  Eat: Chunk             |       |     5 |    15 |    15 |     6 ||    41
Armor: Scale mail        |    38 |    30 |       |       |       ||    68
       Chain mail        |       |    18 |   162 |    62 |       ||   242
       Plate armour      |       |       |       |   186 |   292 ||   478
Dodge: Dodged            |    21 |    34 |   101 |   196 |   173 ||   525
Block: Shield            |    37 |    81 |   294 |   516 |   275 ||  1203
       Rpst.: Long sword |     8 |     2 |       |       |       ||    10
       Scimitar          |       |       |       |    12 |    19 ||    31
